 Dungeon Crawl Stone Soup version 0.27.1 (webtiles) character file.

Game seed: 4412045201770281376

40 Sabo the Shield-Bearer (level 3, 0/23 HPs)
             Began as a Gargoyle Fighter on Sept 2, 2021.
             Slain by a gnoll (7 damage)
             ... on level 2 of the Dungeon.
             The game lasted 00:07:44 (1754 turns).

Sabo the Shield-Bearer (Gargoyle Fighter)           Turns: 1754, Time: 00:07:45

Health: 0/23       AC: 11    Str: 20    XL:     3   Next: 50%
Magic:  3/3        EV:  7    Int:  8    God:
Gold:   163        SH:  9    Dex:  9    Spells: 2/2 levels left

rFire    . . .     SeeInvis .   a - +0 war axe
rCold    . . .     Faith    .   c - +0 kite shield
rNeg     + . .     Spirit   .   b - +0 scale mail
rPois    ∞         Reflect  .   k - +0 helmet
rElec    +         Harm     .   (no cloak)
rCorr    +         Rampage  .   (no gloves)
Will     .....                  (no boots)
Stlth    ..........             (no amulet)
HPRegen  0.07/turn              n - ring of resist corrosion
MPRegen  0.08/turn              (no ring)

@: no status effects
A: sickness immunity, AC +3, negative energy resistance 1, electricity
resistance, torment resistance 1, petrification resistance
a: no special abilities


You were on level 2 of the Dungeon.
You visited 1 branch of the dungeon, and saw 2 of its levels.

You collected 163 gold pieces.

Inventory:

Hand Weapons
 a - a +0 war axe (weapon)
 f - a +0 dagger of holy wrath
Missiles
 o - 17 arrows
Armour
 b - a +0 scale mail (worn)
 c - a +0 kite shield (worn)
 k - a +0 helmet (worn)
Jewellery
 n - a ring of resist corrosion (left hand)
Scrolls
 e - 2 scrolls of teleportation {unknown}
 g - a scroll of magic mapping {unknown}
 i - a scroll of torment {unknown}
 j - a scroll of noise {unknown}
Potions
 d - a potion of might
 h - a potion of heal wounds {unknown}
 l - a potion of invisibility {unknown}
 m - a potion of cancellation {unknown}


   Skills:
 + Level 3.6 Fighting
 + Level 2.5 Axes
 + Level 3.6 Armour
 + Level 0.1 Dodging
 + Level 3.6 Shields


You had 2 spell levels left.
You didn't know any spells.
Your spell library was empty.

Dungeon Overview and Level Annotations

Branches:
Dungeon (2/15)

Altars:


Innate Abilities, Weirdness & Mutations

You are immune to sickness and miasma.
Your stone body is resilient. (AC +3)
You are immune to poison.
You resist negative energy. (rN+)
You are resistant to electric shocks. (rElec)
You are resistant to unholy torment.
You are immune to petrification.


Message History

The gnoll completely misses you. The gnoll hits you but does no damage.
You hit the gnoll.
The gnoll is almost dead.
You closely miss the gnoll. The gnoll hits you but does no damage.
You block the gnoll's attack. The gnoll hits you but does no damage.
You slash the gnoll!
You kill the gnoll!
You hit the gnoll but do no damage. The gnoll hits you with a +0 club.
You block the gnoll's attack. You block the gnoll's attack.
You see here a +0 spear.
You barely miss the gnoll. The gnoll barely misses you.
You hit the gnoll.
The gnoll is heavily wounded.
The gnoll hits you but does no damage. You block the gnoll's attack.
You barely miss the gnoll.
The gnoll is moderately wounded.
You block the gnoll's attack. The gnoll hits you with a +0 club.
You hit the gnoll.
The gnoll is severely wounded.
The gnoll hits you with a +0 club.
You barely miss the gnoll.
The gnoll is severely wounded.
The gnoll hits you but does no damage. The gnoll barely misses you.
You hit the gnoll but do no damage.
The gnoll is severely wounded.
The gnoll hits you with a +0 club.
Your shield and scale mail prevent you from hitting the gnoll.
The gnoll is severely wounded.
The gnoll hits you with a +0 club. You block the gnoll's attack.
You barely miss the gnoll.
The gnoll is severely wounded.
The gnoll barely misses you. The gnoll hits you with a +0 club.
You hit the gnoll but do no damage.
The gnoll is severely wounded.
You block the gnoll's attack.
You barely miss the gnoll.
The gnoll is severely wounded.
The gnoll closely misses you. The gnoll hits you with a +0 club!
You die...

#### ###...### #####
.......g############....
.......@................
....................)...
##......................
###############.######......
#.....# #..........# ###....
#.....# #..........# #....
#.....###..........#####....
#...........................
#...........................


You could see a gnoll.

Vanquished Creatures
  2 gnolls (D:2)
  2 ball pythons (D:1)
  A bat (D:1)
  2 endoplasms (D:1)
  A giant cockroach (D:1)
  5 goblins
  A hobgoblin (D:1)
  A quokka (D:2)
  A kobold (D:1)
  4 rats
20 creatures vanquished.

Notes
Turn   | Place    | Note
-------+----------+-------------------------------------------
     0 | D:1      | Sabo the Gargoyle Fighter began the quest for the Orb.
     0 | D:1      | Reached XP level 1. HP: 14/14 MP: 1/1
   457 | D:1      | Reached XP level 2. HP: 17/19 MP: 2/2
  1568 | D:2      | Reached XP level 3. HP: 18/23 MP: 3/3
  1754 | D:2      | Slain by a gnoll

Illustrated notes

Levels and vault maps discovered:
D:1:      erik_arrival_blinker_ship, layout_basic
D:2:      layout_basic

Skill      XL: |  1  2 |
---------------+-------+-----
Axes           | 2 |  2.5
Fighting       | |  3.6
Armour         | |  3.6
Dodging        | |  0.1
Shields        | |  3.6

Action                   || total
-------------------------++-------
Melee: War axe           ||    72
Armor: Scale mail        ||    31
Dodge: Dodged            ||    24
Block: Kite shield       ||    40
